 Dungeon Crawl Stone Soup version 0.29.1-15-g9cfb28693d (webtiles) character file.

Game seed: 5718069019444195284

24 DemonSlayer the Digger (level 2, -4/19 HPs)
             Began as a Demonspawn Earth Elementalist on Mar 3, 2023.
             Killed from afar by an acid dragon (19 damage)
             ... with a splash of acid
             ... on level 4 of the Dungeon.
             The game lasted 00:01:59 (1094 turns).

DemonSlayer the Digger (DsEE)                       Turns: 1094, Time: 00:01:59

Health: -4/19      AC:  3    Str:  8    XL:     2   Next: 79%
Magic:  14/14      EV: 11    Int: 16    God:
Gold:   91         SH:  3    Dex: 13    Spells: 2/5 levels left

rFire   . . .      SeeInvis .   h - +2 dagger
rCold   . . .      Faith    .   f - +0 buckler
rNeg    . . .      Spirit   .   g - +0 leather armour
rPois   .          Reflect  .   (no helmet)
rElec   .          Harm     .   (no cloak)
rCorr   .          Rampage  .   (no gloves)
Will    .....                   (no boots)
Stlth   +.........              (no amulet)
HPRegen 0.06/turn               k - ring of magical power
MPRegen 0.14/turn               (no ring)

@: silenced (expiring)
A: claws 1
a: no special abilities


You were on level 4 of the Dungeon.
You visited 1 branch of the dungeon, and saw 3 of its levels.

You collected 91 gold pieces.

Inventory:

Hand Weapons
 h - a +2 dagger (weapon)
Missiles
 i - 3 atropa-tipped darts
Armour
 f - a +0 buckler (worn)
 g - a +0 leather armour (worn)
Jewellery
 k - a ring of magical power (left claw)
 n - a +6 ring of dexterity
Scrolls
 d - 3 scrolls of teleportation {unknown}
 l - a scroll of enchant armour {unknown}
 m - a scroll of identify {unknown}
Potions
 a - a potion of cancellation {unknown}
 e - a potion of flight {unknown}
 j - a potion of haste {unknown}


   Skills:
 + Level 0.2 Fighting
 + Level 1.8 Dodging
 + Level 2.0 Stealth
 + Level 2.3 Spellcasting
 + Level 0.8 Transmutations
 + Level 3.2 Earth Magic


You had 2 spell levels left.
You knew the following spells:

 Your Spells              Type           Power      Damage    Failure   Level
a - Sandblast             Erth           24%        2d8       11%         1
b - Passwall              Tmut/Erth      6%         N/A       26%         2

Your spell library contained the following spells:

 Spells                   Type           Power      Damage    Failure   Level
 Stone Arrow              Conj/Erth      14%        3d7       52%         3
 Petrify                  Tmut/Erth      8%         N/A       86%         4


Dungeon Overview and Level Annotations

Branches:
Dungeon (2/15)

Altars:


Innate Abilities, Weirdness & Mutations

You have sharp fingernails.


Message History

Your +1 dagger glows red for a moment.
As you read the scroll labelled VERROY GENKIT, it crumbles to dust.
A profound silence engulfs you.
It was a scroll of silence.
You start waiting.
A dart slug comes into view.
A dart slug is nearby!
You hit the dart slug.
The dart slug is moderately wounded.
The dart slug launches a dart at you. The slug dart misses you.
You hit the dart slug.
The dart slug is heavily wounded.
You hit the dart slug.
The dart slug is almost dead.
You block the dart slug's attack.
You hit the dart slug.
You kill the dart slug!
An acid dragon comes into view.
The acid dragon spits acid at you. The splash of acid misses you.
A hound comes into view.
The hound attacks as you move away! You block the hound's attack.
The hound barely misses you. The hound closely misses you.
Found 32 gold pieces.
A ball python comes into view.
The hound closely misses you.
An orc comes into view. It is wielding a +4 short sword.
The hound stops to sniff the ground.
Magic scrolls do not work when you're silenced!
The hound attacks as you move away! The hound bites you.
An orc comes into view. It is wielding a +0 club.
The hound closely misses you. The orc hits you with a +4 short sword.
You see here 20 gold pieces.
You block the ball python's attack. The ball python grabs you.
The ball python constricts you.
You escape the ball python's grasp.
You block the hound's attack. The acid dragon spits acid at you.
The splash of acid hits you!!
Ouch! That really hurt!
You die...

# ###..#..#
#.#.#.......#
D#.#.###...#
....# #...#
#.#.###...#
#.#.o.....#
#...o$....#
#######.hS...##
.......@$....#
#######...##.#
#.#.# .# #...#
#. #.... #.
#.#.#. .#
#.#.##. ..#.#
.#


You could see an acid dragon (catching breath), a hound, 2 orcs and a ball
python.

Vanquished Creatures
  A dart slug (D:4)
  A bat (D:1)
  2 endoplasms
  5 goblins (D:1)
  2 hobgoblins
  3 kobolds
  A quokka (D:1)
  2 frilled lizards (D:1)
  3 rats (D:1)
20 creatures vanquished.

Notes
Turn   | Place    | Note
-------+----------+-------------------------------------------
     0 | D:1      | DemonSlayer the Demonspawn Earth Elementalist began the
                  | quest for the Orb.
     0 | D:1      | Reached XP level 1. HP: 13/13 MP: 3/3
   147 | D:1      | Reached skill level 3 in Earth Magic
   293 | D:1      | Gained mutation: You have sharp fingernails. [demonic
                  | ancestry]
   293 | D:1      | Reached XP level 2. HP: 14/19 MP: 3/5
   580 | D:1      | Found a faded altar of an unknown god.
   706 | D:1      | Learned a level 2 spell: Passwall
  1064 | D:2      | You fall into a shaft and drop 2 floors!
  1081 | D:4      | Noticed an acid dragon
  1094 | D:4      | Killed from afar by an acid dragon

Illustrated notes

Levels and vault maps discovered:
D:1:      erik_arrival_orb_chamber, layout_rooms,
          hellmonk_ecumenical_altar_arch_garden
D:2:      layout_basic, basic_altar
D:4:      layout_loops_ring, nicolae_ossuary_entry_false_entrances

Skill      XL: |  1  2 |
---------------+-------+-----
Earth Magic    | 3 |  3.2
Stealth        | 2 |  2.0
Fighting       | |  0.2
Dodging        | |  1.8
Spellcasting   | |  2.3
Transmutations | |  0.8

Action                   || total
-------------------------++-------
Melee: Unarmed           ||    10
       Dagger            ||     7
 Cast: Sandblast         ||    25
  Use: Potion            ||     1
       Scroll            ||     3
Armor: Robe              ||     3
       Leather armour    ||     1
Dodge: Dodged            ||    25
Block: Buckler           ||     4
